 Dungeon Crawl Stone Soup version 0.31.0-32-g396128a36d (webtiles) character file.

Game seed: 3998336467801253476

385 GeoRichter the Insei (level 6, -2/43 HPs)
             Began as a Merfolk Shapeshifter on Mar 9, 2024.
             Slain by an ice beast (10 damage)
             ... on level 3 of the Dungeon.
             The game lasted 00:05:17 (2865 turns).

GeoRichter the Insei (Merfolk Shapeshifter)         Turns: 2865, Time: 00:05:17

Health: -2/43      AC:  6    Str: 14    XL:     6   Next: 77%
Magic:  6/6        EV: 15    Int:  9    God:
Gold:   227        SH:  0    Dex: 16    Spells: 5/5 levels left

rFire   . .          .
                       - Unarmed
rCold   . . .        (no shield)
rNeg    + + .        k - +0 scale mail
rPois   +            (helmet currently unavailable)
rElec   .            (cloak currently unavailable)
rCorr   +            (gloves currently unavailable)
SInv    .            (boots currently unavailable)
Will    .....        (no amulet) Stlth
                     m - ring of Noag {rPois rN++ rCorr EV+5}
HPRegen 0.27/turn    (no ring)
MPRegen 0.10/turn

%: no passive effects
@: beast-form, studying Stealth
A: beast (slay +2), (nimble swimmer 2), mertail
a: Begin Untransformation


You were on level 3 of the Dungeon.
You were a hulking beast.
You visited 1 branch of the dungeon, and saw 4 of its levels.

You collected 227 gold pieces.

Inventory:

Armour
 k - a +0 scale mail (worn)
   (You found it on level 1 of the Dungeon)
 n - the +2 helmet of Impermeability {Dex+3 Slay+3 SInv}
   (You acquired it on level 1 of the Dungeon)

   Dex+3:     It affects your dexterity (+3).
   Slay+3:    It affects your accuracy & damage with ranged weapons and melee
   (+3).
   SInv:      It lets you see invisible.
Jewellery
 m - the ring of Noag (left hand) {rPois rN++ rCorr EV+5}
   (You acquired it on level 2 of the Dungeon)

   [ring of evasion]

   EV+5:      It affects your evasion (+5).
   rPois:     It protects you from poison rN++: It greatly protects you from
   negative energy.
   rCorr:     It protects you from acid and corrosion.
 q - an amulet of faith {!P}
   (You found it on level 2 of the Dungeon)
Talismans
 c - a beast talisman
 d - a flux talisman
Wands
 b - a wand of charming (2)
   (You took it off Ijyb on level 3 of the Dungeon)
Scrolls
 a - a scroll of blinking {unknown}
 e - a scroll of teleportation {@r4}
 i - a scroll of revelation {unknown}
 o - a scroll of fear {unknown}
Potions
 f - a potion of mutation {unknown}
 g - a potion of invisibility {unknown}
 h - a potion of cancellation {unknown}
 j - a potion of resistance {unknown}
 l - 2 potions of heal wounds {unknown}
 p - a potion of might {unknown}
 r - a potion of haste {unknown}
 s - a potion of lignification {!q}


   Skills:
 + Level 1.5 Fighting
 - Level 2.6 Dodging
 * Level 7.9 Unarmed Combat
 + Level 4.1 Shapeshifting


You had 5 spell levels left.
You didn't know any spells.
Your spell library contained the following spells:

 Spells                   Type           Power      Damage    Failure   Level
 Foxfire                  Conj/Fire      0%         2x1d4     88%         1
 Cigotuvi's Dreadful Rot  Necr/Alch/Air  0%         N/A       95%         2
 Summon Ice Beast         Ice/Summ       0%         N/A       99%         3
 Ignite Poison            Fire/Alch      0%         N/A       100%        4
 Freezing Cloud           Conj/Ice/Air   0%         6-21      100%        5
 Summon Mana Viper        Hex/Summ       0%         N/A       100%        5
 Plasma Beam              Fire/Air       0%         2x1d10    100%        6
 Starburst                Conj/Fire      0%         6d3       100%        6
 Monstrous Menagerie      Summ           0%         N/A       100%        7


Dungeon Overview and Level Annotations

Branches:
Dungeon (4/15) Zot: 21154
 Temple: D:4-7

Altars:


Innate Abilities, Weirdness & Mutations

You are a hulking beast.
Your limbs bulge with bestial killing power. (Slay +2)
((You are very nimble when in or above water. (Stealth+, EV+, Speed+++)))
Your lower body shifts to a powerful aquatic tail in water.


Message History

There is a stone staircase leading down here.
You are too injured to fight recklessly!
You hit the ice beast.
The ice beast is lightly wounded.
You closely miss the ice beast.
The ice beast is lightly wounded.
The ice beast hits you but does no damage.
You hit the ice beast but do no damage.
The ice beast is lightly wounded.
The ice beast barely misses you.
You hit the ice beast.
The ice beast is moderately wounded.
The ice beast misses you.
You hit the ice beast.
The ice beast is heavily wounded.
The ice beast closely misses you.
You hit the ice beast but do no damage.
The ice beast is heavily wounded.
The ice beast barely misses you.
You completely miss the ice beast.
The ice beast is heavily wounded.
The ice beast closely misses you.
You barely miss the ice beast. Your punch misses the ice beast.
The ice beast is heavily wounded.
The ice beast completely misses you.
You punch the ice beast!
You punch the ice beast, but do no damage.
The ice beast is severely wounded.
You barely miss the ice beast.
The ice beast is severely wounded.
The ice beast hits you. The ice beast freezes you!
* * * LOW HITPOINT WARNING * * *
You hit the ice beast but do no damage.
The ice beast is severely wounded.
The ice beast hits you.
* * * LOW HITPOINT WARNING * * *
The ice beast freezes you!
* * * LOW HITPOINT WARNING * * *
You barely miss the ice beast.
The ice beast is severely wounded.
The ice beast hits you but does no damage.
Okay, then.
Okay, then.
Okay, then.
You closely miss the ice beast.
The ice beast is severely wounded.
The ice beast hits you.
* * * LOW HITPOINT WARNING * * *
The ice beast freezes you!
You die...

######## #############
.......#### #...........#
..........####.###..####.#
P~.~P.###......#....####.#
...P~.###..###........##.#
###.~...............#.##.#
._#.P..##..###..h...#.##.#
###....##.......Y.....)..#
..........###########.####
~~~~~..#### #####.######
.......#
########..........#
.##.##.#
#.....##.#........#
.......#
#........#..).....#
.).....#
#......####.......#
.##.#..#
#...†....#........#


You could see an ice beast.

Vanquished Creatures
  Grinder (D:3)
  Jessica (D:2)
  Ijyb (D:3)
  4 gnolls
  6 adders
  2 dart slugs
  2 ribbon worms (D:2)
  4 endoplasms
  3 giant cockroaches (D:1)
  4 goblins
  4 hobgoblins
  3 jackals (D:1)
  2 quokkas
  3 ball pythons
  6 bats
  4 frilled lizards
  7 rats
57 creatures vanquished.

Notes
Turn   | Place    | Note
-------+----------+-------------------------------------------
     0 | D:1      | GeoRichter the Merfolk Shapeshifter began the quest for the
                  | Orb.
     0 | D:1      | Reached XP level 1. HP: 15/15 MP: 1/1
   157 | D:1      | Reached XP level 2. HP: 17/21 MP: 2/2
   199 | D:1      | Reached skill level 4 in Unarmed Combat
   740 | D:1      | Reached XP level 3. HP: 25/26 MP: 3/3
  1007 | D:1      | Reached skill level 5 in Unarmed Combat
  1041 | D:1      | Reached XP level 4. HP: 26/32 MP: 4/4
  1208 | D:2      | Identified 3 scrolls of acquirement
  1208 | D:2      | Acquired the ring of Noag {rPois rN++ rCorr EV+5}
  1269 | D:1      | Acquired the +2 helmet of Impermeability {Dex+3 Slay+3
                  | SInv}
  1271 | D:1      | Acquired a manual of Stealth
  1568 | D:2      | Noticed Jessica
  1578 | D:2      | Killed Jessica
  1579 | D:2      | Reached skill level 6 in Unarmed Combat
  1579 | D:2      | Reached XP level 5. HP: 34/37 MP: 5/5
  1960 | D:3      | Noticed Grinder
  2118 | D:3      | Noticed Ijyb
  2142 | D:3      | Paralysed by Grinder for 2 turns
  2155 | D:3      | Killed Grinder
  2156 | D:3      | Reached skill level 7 in Unarmed Combat
  2156 | D:3      | Reached XP level 6. HP: 22/43 MP: 6/6
  2168 | D:3      | Killed Ijyb
  2294 | D:3      | Found a faded altar of an unknown god.
  2850 | D:4      | Noticed an ice beast
  2865 | D:3      | Slain by an ice beast

Illustrated notes

Levels and vault maps discovered:
D:1:      mainiacjoe_arrival_oval_in_oval, layout_basic, roderic_three_in_a_row,
          minmay_liquid_box
D:2:      layout_basic, uniq_jessica
D:3:      layout_loops_cross, shapermc_ecumenical_altar_acropolis, minivault_5,
          uniq_ijyb, uniq_grinder
D:4:      layout_cave_pools, grunt_decor_one_mirror,
          chequers_serial_rivers_small_a, hex_large, minmay_misc_feat_plants,
          dk_noncrumbling_2, corexii_item_surrounded_by_moat, uniq_menkaure

Skill      XL: |  1  2  3  4  5 |
---------------+----------------+-----
Unarmed Combat | 4 5 6 7 |  7.9
Fighting       | |  1.5
Dodging        | |  2.6
Shapeshifting  | |  4.1

Action                     |  1- 3 |  4- 6 || total
---------------------------+-------+-------++-------
  Melee: Unarmed           |    71 |   127 ||   198
         Punch             |     2 |     4 ||     6
    Use: Scroll            |       |     4 ||     4
         Potion            |       |     1 ||     1
   Stab: Sleeping          |     2 |       ||     2
 Armour: Animal skin       |    23 |       ||    23
         Scale mail        |     5 |    59 ||    64
         Skin              |       |    28 ||    28
  Dodge: Dodged            |    37 |    59 ||    96
